 Dungeon Crawl Stone Soup version 0.21-a0-507-ga8f6b7a (webtiles) character file.

209 vladimirx the Sneak (level 5, -10/43 HPs)
             Began as a Naga Wizard on Nov 27, 2017.
             Killed by nerve-wracking pain
             ... invoked by an orc priest
              (14 damage)
             ... on level 4 of the Dungeon.
             The game lasted 00:06:44 (3892 turns).

vladimirx the Sneak (Naga Wizard)                   Turns: 3892, Time: 00:06:44

Health: -10/43     AC:  3    Str: 10    XL:     5   Next: 87%
Magic:  1/11       EV: 10    Int: 19    God:
Gold:   133        SH:  0    Dex:  9    Spells: 4/12 levels left

rFire    . . .     SeeInvis +   i - +1 dagger
rCold    . . .     Gourm    .   (no shield)
rNeg     . . .     Faith    .   a - +0 robe
rPois    +         Spirit   .   b - +0 hat
rElec    .         Reflect  .   (no cloak)
rCorr    .         Harm     .   r - +0 pair of gloves
MR       .....                  (no barding)
Stlth    ++++......             m - amulet of inaccuracy (curse)
HPRegen  0.14/turn              o - ring of stealth
MPRegen  0.12/turn              (no ring)

@: short of breath, very slightly contaminated, very slow
A: large, see invisible, deformed body, poison resistance, slowness 2, slow
metabolism 1, spit poison 1, AC +1
a: Spit Poison


You were on level 4 of the Dungeon.
You were very hungry.

You visited 1 branch of the dungeon, and saw 4 of its levels.

You collected 133 gold pieces.

Inventory:

Hand Weapons
 i - a +1 dagger (weapon)
Missiles
 f - 81 stones (quivered)
 n - 6 curare-tipped needles
Armour
 a - a +0 robe (worn)
 b - a +0 hat (worn)
 r - a +0 pair of gloves (worn)
Jewellery
 m - a cursed amulet of inaccuracy (around neck)
 o - a ring of stealth (left hand)
Scrolls
 l - 5 scrolls of identify {unknown}
 p - 2 scrolls of fog {unknown}
 s - a scroll of noise {unknown}
Potions
 e - a potion of degeneration {unknown}
 g - a potion of flight {unknown}
 h - a potion of curing
 j - 3 potions of heal wounds
 k - a potion of cancellation {unknown}
 q - a potion of haste {unknown}
 t - a potion of resistance {unknown}
 u - a potion of invisibility {unknown}
Books
 c - a book of Minor Magic

   Spells                             Type                      Level
   a - Magic Dart                     Conjuration                  1
   b - Blink                          Translocation                2
   c - Call Imp                       Summoning                    2
   d - Slow                           Hexes                        2
   e - Conjure Flame                  Conjuration/Fire             3
   f - Mephitic Cloud                 Conjuration/Poison/Air       3
Comestibles
 d - 2 bread rations


   Skills:
 - Level 0.9 Fighting
 - Level 1.8 Dodging
 + Level 5.4 Stealth
 - Level 4.2 Spellcasting
 + Level 2.8 Conjurations
 - Level 1.0 Summonings
 - Level 1.0 Translocations


You had 4 spell levels left.
You knew the following spells:

 Your Spells              Type           Power        Failure   Level  Hunger
a - Magic Dart            Conj           ##..         4%          1    None
c - Mephitic Cloud        Conj/Pois/Air  #.......     26%         3    ###....
d - Blink                 Tloc           N/A          14%         2    #......
s - Call Imp              Summ           #.......     14%         2    #......


Dungeon Overview and Level Annotations

Branches:
Dungeon (4/15)
 Temple: D:4-7

Altars:
Xom


Innate Abilities, Weirdness & Mutations

You cannot wear boots.
Your serpentine skin is tough. (AC +1)
You have supernaturally acute eyesight. (SInv)
Armour fits poorly on your strangely shaped body.
Your system is resistant to poisons. (rPois)
You cover ground very slowly.
You have a slow metabolism.
You can spit poison.


Message History

Aim: an orc priest, wielding a whip (heavily wounded)
The splash of poison misses the orc priest.
You feel slightly more hungry.
The orc priest mumbles some strange prayers to Beogh against you.
Pain shoots through your body!
You hit the orc priest.
The orc priest is severely wounded.
The orc priest calls down the wrath of Beogh upon you.
Beogh smites you!
You hit the orc priest.
The orc priest is almost dead.
The orc priest hits you with a whip.
* * * LOW HITPOINT WARNING * * *
Unknown command.
The orc priest invokes the aid of Beogh against you.
Beogh smites you!
* * * LOW HITPOINT WARNING * * *
The orc priest calls down the wrath of Beogh upon you.
Pain shoots through your body!
You die...

#.# ### #.# ..# #.#
###.# #.# ...# #####
#.# ###.###...# #.#
#o...)....# ##.##
#)#.###...###...###
......# ##....o.@...#
###o###
######...#.###########
#o ##.##...........# #
#.############.## #.#
#......# ##'##
#.###..# ##...##
#.##.#.## #.....##
#.#.###.# ♣♣.....##
#..## ##.


You could see an orc priest.

Vanquished Creatures
  An ogre (D:4)
  3 adders
  An ooze (D:2)
  3 worms (D:2)
  A dart slug (D:1)
  3 leopard geckos
  5 orcs
  4 giant cockroaches
  9 goblins
  9 hobgoblins
  6 jackals (D:3)
  A quokka (D:3)
  11 bats
  6 frilled lizards
  5 kobolds
  6 rats
74 creatures vanquished.

Vanquished Creatures (collateral kills)
  An orc (D:3)
1 creature vanquished.

Grand Total: 75 creatures vanquished

Notes
Turn   | Place    | Note
-------+----------+-------------------------------------------
     0 | D:1      | vladimirx the Naga Wizard began the quest for the Orb.
     0 | D:1      | Reached XP level 1. HP: 15/15 MP: 4/4
   144 | D:1      | Reached XP level 2. HP: 22/22 MP: 1/6
   209 | D:1      | Learned a level 2 spell: Blink
   459 | D:1      | Found a shimmering altar of Xom.
   736 | D:1      | Reached XP level 3. HP: 25/28 MP: 2/8
  1742 | D:2      | Reached XP level 4. HP: 36/36 MP: 10/10
  1802 | D:2      | Reached skill level 4 in Stealth
  2476 | D:3      | Learned a level 2 spell: Call Imp
  2913 | D:2      | Learned a level 3 spell: Mephitic Cloud
  3236 | D:3      | Reached XP level 5. HP: 29/43 MP: 8/11
  3548 | D:4      | Noticed an ogre
  3567 | D:4      | Killed an ogre
  3567 | D:4      | Reached skill level 5 in Stealth
  3892 | D:4      | Killed from afar by an orc priest

Vault maps used:
D:1:      lemuel_arrival_lava_pool, xom_teletrap_fun
D:4:      serial_forest, infiniplex_forest_3_way,
          infiniplex_forest_clump_curved, infiniplex_forest_end_3,
          infiniplex_forest_lined_room_3, infiniplex_forest_end_double,
          infiniplex_forest_end_double, infiniplex_forest_split,
          infiniplex_forest_lined_2, infiniplex_forest_straight_4

Skill      XL: |  1  2  3  4  5 |
---------------+----------------+-----
Spellcasting   | 4 |  4.2
Stealth        | 4 5 |  5.4
Conjurations   | 2 |  2.8
Fighting       | |  0.9
Dodging        | |  1.8
Summonings     | |  1.0
Translocations | |  1.0

Action                   |  1- 3 |  4- 6 || total
-------------------------+-------+-------++-------
Melee: Dagger            |    17 |    63 ||    80
 Cast: Magic Dart        |    59 |    48 ||   107
       Mephitic Cloud    |       |     4 ||     4
       Call Imp          |       |     1 ||     1
 Abil: Spit Poison       |    26 |    27 ||    53
  Use: Scroll            |     5 |       ||     5
       Potion            |       |     4 ||     4
 Stab: Sleeping          |     5 |     9 ||    14
  Eat: Chunk             |     3 |     6 ||     9
Armor: Robe              |    17 |    33 ||    50
Dodge: Dodged            |    41 |    87 ||   128

Table legend:
 A = Spawn XP
 B = Non-spawn XP
 C = Spawn XP percentage of total XP
 D = Spawn monster count
 E = Non-spawn monster count
 F = Spawn count percentage of total count
 G = Total turns spent on level
                    A         B        C        D         E        F      G
               +---------+---------+-------+---------+---------+-------+---------
         Total |       0 |     299 |   0.0 |       0 |      75 |   0.0 |  3892
               +---------+---------+-------+---------+---------+-------+---------
           D:1 |       0 |      46 |   0.0 |       0 |      26 |   0.0 |  1256
           D:2 |       0 |      76 |   0.0 |       0 |      22 |   0.0 |  1199
           D:3 |       0 |      49 |   0.0 |       0 |      23 |   0.0 |  1049
           D:4 |       0 |     128 |   0.0 |       0 |       4 |   0.0 |   388
               +---------+---------+-------+---------+---------+-------+---------
